 Dungeon Crawl Stone Soup version 0.26.0-16-gc1dbca0489 (webtiles) character file.

Game seed: 8495034670853710985

158 serenereef the Bolt Thrower (level 5, 0/45 HPs)
             Began as a Minotaur Hunter on Jan 20, 2021.
             Was an Initiate of Cheibriados.
             Slain by a leopard gecko (2 damage)
             ... on level 3 of the Dungeon on Jan 21, 2021.
             The game lasted 00:09:31 (1151 turns).

serenereef the Bolt Thrower (Minotaur Hunter)       Turns: 1151, Time: 00:09:31

Health: 0/45       AC:  3    Str: 18    XL:     5   Next: 16%
Magic:  1/4        EV: 12    Int:  9    God:    Cheibriados [......]
Gold:   55         SH:  0    Dex: 12    Spells: 4/4 levels left

rFire    . . .     SeeInvis .   a - +1 hand crossbow
rCold    . . .     Faith    .   (no shield)
rNeg     . . .     Spirit   .   c - +0 leather armour
rPois    .         Reflect  .   (helmet restricted)
rElec    .         Harm     .   (no cloak)
rCorr    .         Rampage  .   (no gloves)
Will     .....                  (no boots)
Stlth    +.........             (no amulet)
HPRegen  0.15/turn              (no ring)
MPRegen  0.09/turn              (no ring)

@: lethally poisoned (0 -> -2), very slow
A: retaliatory headbutt, horns 2
a: Renounce Religion, Bend Time


You were on level 3 of the Dungeon.
You worshipped Cheibriados.
Cheibriados was noncommittal.
You visited 1 branch of the dungeon, and saw 3 of its levels.

You collected 55 gold pieces.

Inventory:

Hand Weapons
 a - a +1 hand crossbow (weapon)
 b - a +0 short sword
 k - a +0 dagger of flaming
Missiles
 d - 13 bolts (quivered ammo)
 j - 16 poisoned darts
Armour
 c - a +0 leather armour (worn)
Jewellery
 f - an uncursed ring of stealth {unknown}
Scrolls
 g - a scroll of immolation {unknown}
Potions
 e - a potion of attraction {unknown}


   Skills:
 + Level 3.0 Fighting
 + Level 0.8 Short Blades
 + Level 6.4 Crossbows
 + Level 1.7 Armour
 + Level 2.4 Dodging
 + Level 0.7 Stealth


You had 4 spell levels left.
You didn't know any spells.
Your spell library was empty.

Dungeon Overview and Level Annotations

Branches:
Dungeon (3/15)

Altars:
Cheibriados
Nemelex Xobeh


Innate Abilities, Weirdness & Mutations

You reflexively headbutt those who attack you in melee.
You have a pair of horns on your head.


Message History

Fire: 15 bolts
Press: ? - help, Q - select action, (/) - cycle Shift-Dir - straight line, f/p - worm
Aim: a worm (moderately wounded)
You shoot a bolt. The bolt hits the worm.
The worm is heavily wounded.
You feel sick. The bat hits you but does no damage. x2
A giant cockroach comes into view.
The leopard gecko bites you.
* * * LOW HITPOINT WARNING * * *
Fire: 14 bolts
Press: ? - help, Q - select action, (/) - cycle Shift-Dir - straight line, f/p - worm
Aim: a worm (heavily wounded)
You shoot a bolt. The bolt hits the worm.
The worm is severely wounded.
The bat closely misses you. The bat hits you but does no damage.
The worm bites you!
* * * LOW HITPOINT WARNING * * *
The orc wizard mumbles some strange words.
The orc wizard blinks!
The leopard gecko bites you.
You die...

.. ###. .(.### #(..
#(.... ###...
#...#.#######.....
.(............#†##
#..##...........# #(.
#..†......##
###w####...##.##.#
#((@l.....##..##..#
#B.obo######....####.#
.o§##.. #...### .# .
### #....#.# ..
#.####... #.. # ##.#
## ... ... ....


You could see a worm, an orc wizard, 2 orcs, a leopard gecko (slow), a giant
cockroach and a bat.

Vanquished Creatures
  A howler monkey (D:3)
  Jessica (D:2)
  4 adders
  2 oozes
  An adder skeleton (D:3)
  A dart slug (D:1)
  2 orcs (D:3)
  3 giant cockroaches
  8 goblins
  3 hobgoblins
  A quokka (D:3)
  A ball python (D:3)
  7 bats
  3 frilled lizards
  2 kobolds (D:1)
  5 rats
45 creatures vanquished.

Notes
Turn   | Place    | Note
-------+----------+-------------------------------------------
     0 | D:1      | serenereef the Minotaur Hunter began the quest for the Orb.
     0 | D:1      | Reached XP level 1. HP: 18/18 MP: 0/0
   322 | D:1      | Reached skill level 5 in Crossbows
   322 | D:1      | Reached XP level 2. HP: 17/25 MP: 1/1
   562 | D:2      | Noticed Jessica
   568 | D:2      | Killed Jessica
   569 | D:2      | Reached XP level 3. HP: 23/30 MP: 2/2
   639 | D:2      | HP: 1/30 [poisoned by an adder]
   914 | D:2      | Found a sparkling altar of Nemelex Xobeh.
   954 | D:3      | Found a snail-covered altar of Cheibriados.
   961 | D:3      | Reached XP level 4. HP: 37/37 MP: 3/3
  1011 | D:3      | Became a worshipper of Cheibriados the Contemplative
  1079 | D:3      | Reached skill level 6 in Crossbows
  1133 | D:3      | Reached skill level 1 in Armour
  1141 | D:3      | Reached XP level 5. HP: 36/45 MP: 4/4
  1151 | D:3      | HP: 2/45 [worm (10)]
  1151 | D:3      | Slain by a leopard gecko

Illustrated notes

Levels and vault maps discovered:
D:1:      dpeg_arrival_stonehenge_12_columns, layout_loops_ring
D:2:      layout_basic, nemelex_lonely_heart_becter, uniq_sigmund, uniq_jessica
D:3:      layout_rooms, overflow_temple_1_default, uniq_grinder

Skill      XL: |  1  2  3  4 |
---------------+-------------+-----
Crossbows      | 5 6 |  6.4
Fighting       | 3 |  3.0
Armour         | 1 |  1.7
Short Blades   | |  0.8
Dodging        | |  2.4
Stealth        | |  0.7

Action                   |  1- 3 |  4- 6 || total
-------------------------+-------+-------++-------
Melee: Dagger            |     9 |       ||     9
 Fire: Hand crossbow     |    44 |    40 ||    84
Invok: Bend Time         |       |     1 ||     1
  Use: Scroll            |     4 |       ||     4
       Potion            |     3 |       ||     3
Armor: Leather armour    |    16 |     8 ||    24
Dodge: Dodged            |    24 |    22 ||    46
